 Dungeon Crawl Stone Soup version 0.23.2-30-g0e89c35649 (webtiles) character file.

Game seed: 4137791360298288958

822 teukkam the Skirmisher (level 7, 0/64 HPs)
             Began as a Minotaur Fighter on June 7, 2019.
             Slain by a gnoll
             ... wielding a +0 halberd
              (4 damage)
             ... on level 6 of the Dungeon.
             The game lasted 00:10:18 (3793 turns).

teukkam the Skirmisher (Minotaur Fighter)           Turns: 3793, Time: 00:10:19

Health: 0/64       AC:  7    Str: 22    XL:     7   Next: 63%
Magic:  6/6        EV:  8    Int:  5    God:
Gold:   280        SH: 10    Dex: 10    Spells: 6/6 levels left

rFire    . . .     SeeInvis .   a - +3 dagger (venom)
rCold    . . .     Gourm    +   c - +0 shield
rNeg     . . .     Faith    .   b - +0 scale mail
rPois    .         Spirit   .   (helmet restricted)
rElec    .         Reflect  .   (no cloak)
rCorr    .         Harm     .   (no gloves)
MR       .....                  (no boots)
Stlth    ..........             g - amulet of the gourmand
HPRegen  0.20/turn              o - ring of attention (curse)
MPRegen  0.10/turn              (no ring)

@: no status effects
A: retaliatory headbutt, horns 2
a: no special abilities


You were on level 6 of the Dungeon.
You were full.

You visited 1 branch of the dungeon, and saw 7 of its levels.

You collected 280 gold pieces.

Inventory:

Hand Weapons
 a - a +3 dagger of venom (weapon)
 e - a +0 war axe
 t - a +0 shortbow
 w - a +0 rapier of protection
Missiles
 h - 14 poisoned needles
 j - 58 stones (quivered)
 k - 7 tomahawks
 r - 27 sling bullets
 u - 55 arrows
Armour
 b - a +0 scale mail (worn)
 c - a +0 shield (worn)
Jewellery
 g - an amulet of the gourmand (around neck)
 o - a cursed ring of attention (left hand)
Wands
 v - a wand of paralysis (9)
Scrolls
 i - 5 scrolls of identify
Potions
 d - a potion of might
 l - 3 potions of curing
 m - 5 potions of heal wounds {unknown}
 n - 2 potions of degeneration {unknown}
 p - a potion of agility {unknown}
Comestibles
 f - 5 rations


   Skills:
 + Level 6.3 Fighting
 + Level 4.4 Short Blades
 - Level 2.5 Axes
 + Level 6.3 Armour
 + Level 6.2 Shields


You had 6 spell levels left.
You didn't know any spells.
Your spell library was empty.

Dungeon Overview and Level Annotations

Branches:
Dungeon (7/15)
 Temple: D:4-7

Altars:
Ru
The Shining One

Annotations:
D:2 Jessica


Innate Abilities, Weirdness & Mutations

You reflexively headbutt those who attack you in melee.
You have a pair of horns on your head.


Message History

A jackal comes into view.
The jackal bites you but does no damage.
An orc comes into view. It is wielding a +0 falchion.
There is a stone staircase leading up here.
You see here a stone.
The orc priest calls down the wrath of Beogh upon you.
Beogh smites you!
* * * LOW HITPOINT WARNING * * *
You block the jackal's attack.
You kill the jackal!
The orc priest mumbles some strange prayers to Beogh against you.
Beogh smites you!
* * * LOW HITPOINT WARNING * * *
Evoke which item? (* to show all) (? for menu, Esc to quit)
Aiming: Paralyse
Press: ? - help, Shift-Dir - straight line, f - gnoll
Aim: a gnoll, wielding a +0 halberd (chance to defeat MR: 54%)
The gnoll resists with significant effort.
The gnoll hits you from afar with a +0 halberd.
You die...

#..>. ###....
...... ###%...
.......
....... #
#...o#######.#
#..go)hog.@..#
#..#h#########
#h.#. ...#.
#g##h #.##$#
#.###F##.#
#...g....#
#######.####


You could see an orc priest, 2 gnolls, 2 orcs and 2 jackals.

Vanquished Creatures
  A black bear (D:6)
  A sky beast (D:5)
  2 ogres
  A centaur (D:5)
  A water moccasin zombie (D:4)
  3 killer bees (D:6)
  A howler monkey (D:4)
  A jelly (D:5)
  2 worker ants (D:5)
  An adder (D:4)
  2 shadow imps
  3 adder skeletons
  3 worms
  A leopard gecko (D:1)
  2 orcs (D:6)
  3 bats
  3 giant cockroaches
  3 goblins (D:1)
  4 hobgoblins
  9 jackals
  A quokka (D:5)
  A ball python (D:1)
  3 frilled lizards
  5 kobolds
  3 rats
60 creatures vanquished.

Vanquished Creatures (others)
  A centaur (D:6)
1 creature vanquished.

Grand Total: 61 creatures vanquished

Notes
Turn   | Place    | Note
-------+----------+-------------------------------------------
     0 | D:1      | teukkam the Minotaur Fighter began the quest for the Orb.
     0 | D:1      | Reached XP level 1. HP: 19/19 MP: 0/0
   425 | D:1      | Reached XP level 2. HP: 27/27 MP: 1/1
   440 | D:1      | Found a glowing golden altar of the Shining One.
   574 | D:2      | Noticed Jessica
   644 | D:1      | Reached skill level 1 in Short Blades
   963 | D:2      | Reached XP level 3. HP: 32/33 MP: 2/2
  1130 | D:4      | Reached XP level 4. HP: 39/41 MP: 3/3
  1371 | D:5      | Entered Level 5 of the Dungeon
  1480 | D:4      | Found a sacrificial altar of Ru.
  1972 | D:4      | Reached XP level 5. HP: 43/47 MP: 4/4
  2413 | D:5      | Noticed a centaur
  2425 | D:5      | Killed a centaur
  2425 | D:5      | Reached skill level 5 in Fighting
  2425 | D:5      | Reached skill level 5 in Armour
  2425 | D:5      | Reached skill level 5 in Shields
  2425 | D:5      | Reached XP level 6. HP: 42/56 MP: 5/5
  2804 | D:6      | Reached XP level 7. HP: 31/62 MP: 6/6
  3792 | D:6      | HP: 3/64 [orc priest/divine providence (15)]
  3793 | D:6      | Slain by a gnoll

Skill      XL: |  1  2  3  4  5  6  7 |
---------------+----------------------+-----
Fighting       | 4 5 6 |  6.3
Armour         | 4 5 6 |  6.3
Short Blades   | 1 2 3 4 |  4.4
Shields        | 4 5 6 |  6.2
Axes           | |  2.5

Action                   |  1- 3 |  4- 6 |  7- 9 || total
-------------------------+-------+-------+-------++-------
Melee: Dagger            |    63 |    66 |    31 ||   160
       War axe           |     5 |       |       ||     5
       Headbutt          |     8 |    13 |    12 ||    33
Throw: Stone             |       |     4 |       ||     4
Evoke: Wand              |       |       |     1 ||     1
  Use: Scroll            |       |     5 |     1 ||     6
  Eat: Chunk             |     1 |    10 |       ||    11
       Ration            |       |     1 |       ||     1
Armor: Scale mail        |    31 |    23 |    16 ||    70
Dodge: Dodged            |    20 |    20 |     7 ||    47
Block: Shield            |    35 |    32 |    12 ||    79
